 Dungeon Sprint DCSS version 0.31-a0-986-g5e6e4ef867 (webtiles) character file.

Game seed: 1670006462003457815

1527 rocky1 the Grappler (level 8, 0/117 HPs)
             Began as a White Draconian Shapeshifter on Nov 12, 2023.
             Was an Initiate of Gozag.
             Slain by a tyrant leech (15 damage)
             ... in the Dungeon (Sprint VII: "The Pits").
             The game lasted 00:03:15 (796 turns).

rocky1 the Grappler (White Draconian Shapeshifter)   Turns: 796, Time: 00:03:16

Health: 0/117      AC:  9    Str: 17    XL:     8   Next: 55%
Magic:  8/8        EV: 15    Int: 13    God:    Gozag
Gold:   371        SH:  0    Dex: 13    Spells: 7/7 levels left

rFire   . .          .
                       - Unarmed
rCold   + . .        (no shield)
rNeg    . . .        (body armour unavailable)
rPois   .            (helmet currently unavailable)
rElec   .            (cloak currently unavailable)
rCorr   .            (gloves currently unavailable)
SInv    .            (boots currently unavailable)
Will    .....        (no amulet) Stlth
                     t - +3 ring of intelligence
HPRegen 0.39/turn    u - +3 ring of protection
MPRegen 0.11/turn

%: no teleportation
@: berserking (expiring), short of breath, beast-form, spiked, gold aura, very
quick
A: beast (slay +4), breathe frost, AC +6, unfitting armour, cold resistance 1,
cold-blooded
a: Breathe Frost, Begin Untransformation, Renounce Religion, Potion Petition,
Call Merchant, Bribe Branch


You were in the Dungeon.
You worshipped Gozag.
Gozag was aware of your devotion.
You were a hulking beast.
You visited 1 branch You collected 1575 gold pieces.
You spent 447 gold pieces at shops.
You paid 757 gold pieces to Gozag.

Inventory:

Missiles
 n - 5 poisoned darts (quivered)
Armour
 w - a +0 pair of boots
 x - a +0 cloak
Jewellery
 t - a +3 ring of intelligence (left hand)
 u - a +3 ring of protection (right hand)
Talismans
 b - a beast talisman
 c - a flux talisman
Scrolls
 i - 2 scrolls of blinking
 k - 2 scrolls of vulnerability
 l - 5 scrolls of amnesia
 m - a scroll of summoning
 o - a scroll of identify
 p - a scroll of immolation
 q - a scroll of revelation
 r - a scroll of silence
 s - a scroll of fear
Potions
 a - a potion of lignification
 d - 8 potions of curing
 e - 7 potions of heal wounds
 f - 2 potions of haste
 g - 4 potions of magic
 h - 2 potions of berserk rage
 j - 2 potions of invisibility
 v - 3 potions of might


   Skills:
 + Level 9.4 Fighting
 + Level 8.1 Dodging
 * Level 12.5 Unarmed Combat
 + Level 8.7 Shapeshifting


You had 7 spell levels left.
You didn't know any spells.
Your spell library was empty.

Dungeon Overview and Level Annotations

Branches:
Dungeon (1/1)

Altars:
Ashenzari
Cheibriados
Dithmenos
Elyvilon
Fedhas
Gozag
Hepliaklqana
Kikubaaqudgha
Makhleb
Nemelex Xobeh
Okawaru
Qazlal
Ru
Sif Muna
Trog
Uskayaw
Vehumet
Wu Jian
Xom
Yredelemnul
Zin
The Shining One
Jiyva
Lugonu

Shops:
D ?


Innate Abilities, Weirdness & Mutations

You are a hulking beast.
Your limbs bulge with bestial killing power. (Slay +4)
You can breathe waves of freezing cold which knock back foes.
Your icy white scales are hard. (AC +6)
You cannot fit into any form of body armour.
Your flesh is cold resistant. (rC+)
You are cold-blooded and may be slowed by cold attacks.


Message History

You feel yourself moving faster!
You feel mighty!
The red devil hits you with a +2 demon trident of flaming!
Barbed spikes become lodged in your body.
The red devil burns you.
Unknown command.
You closely miss the red devil.
The red devil hits you with a +2 demon trident of flaming!
Barbed spikes become lodged in your body.
The red devil burns you.
You pummel the red devil!!
The red devil is severely wounded.
You pummel the red devil!!
You kill the red devil!
The tyrant leech bites you!!
* * * LOW HITPOINT WARNING * * *
The tyrant leech draws strength from your injuries!
Your Dodging skill increases to level 8!
Okay, then.
You barely miss the tyrant leech. You closely miss the tyrant leech.
The tyrant leech barely misses you.
You closely miss the tyrant leech. You punch the tyrant leech!
The tyrant leech is lightly wounded.
You barely miss the tyrant leech.
Your tail-slap misses the tyrant leech.
The tyrant leech is lightly wounded.
The tyrant leech closely misses you.
You punch the tyrant leech!
The tyrant leech is moderately wounded.
You closely miss the tyrant leech.
The tyrant leech is moderately wounded.
The tyrant leech bites you!
* * * LOW HITPOINT WARNING * * *
The tyrant leech draws strength from your injuries!
You barely miss the tyrant leech.
The tyrant leech is moderately wounded.
You pummel the tyrant leech!!
The tyrant leech is heavily wounded.
The tyrant leech bites you!
You die...
Your body crumbles into a pile of gold.

).'.##.......##....###
######...<...##...##
)))[##.......##..##
)))[##.......##..#
######.......##..#
.#..###########..+
.#.############..#
.#.#....#..[.##..#
##'#....#...[##.h#
.#.)..∩.'..))##.w$#
.#'#....#..))##....#
.'.#....#..))##......
######################


You could see a tyrant leech.

Vanquished Creatures
  A two-headed ogre (D)
  A red devil (D)
  3 phantoms (D)
  A kobold brigand (D)
  2 bullfrogs (D)
  A necrophage (D)
  A scorpion (D)
  A quasit (D)
  A gnoll bouda (D)
  2 iguanas (D)
  4 gnolls (D)
  3 white imps (D)
  An ufetubus (D)
  A worm (D)
  A giant cockroach (D)
  2 kobolds (D)
  A ball python (D)
  A bat (D)
  A frilled lizard (D)
  2 rats (D)
31 creatures vanquished.

Notes
Turn   | Place    | Note
-------+----------+-------------------------------------------
     0 | D        | rocky1 the Draconian Shapeshifter began the quest for the
                  | Orb.
     0 | D        | Reached XP level 1. HP: 16/16 MP: 1/1
    36 | D        | Found a bloodstained altar of Trog.
    36 | D        | Found a shimmering blue altar of Sif Muna.
    36 | D        | Found a viscous altar of Jiyva.
    36 | D        | Found a hazy altar of Hepliaklqana.
    36 | D        | Found an opulent altar of Gozag.
    59 | D        | Found a glowing golden altar of the Shining One.
    59 | D        | Found a glowing silver altar of Zin.
    59 | D        | Found a basalt altar of Yredelemnul.
    59 | D        | Found a shimmering altar of Xom.
    59 | D        | Found an ornate altar of the Wu Jian Council.
    59 | D        | Found a sacrificial altar of Ru.
    59 | D        | Found a stormy altar of Qazlal.
    59 | D        | Found an iron altar of Okawaru.
    59 | D        | Found a sparkling altar of Nemelex Xobeh.
    59 | D        | Found a burning altar of Makhleb.
    59 | D        | Found a blossoming altar of Fedhas.
    59 | D        | Found a white marble altar of Elyvilon.
    59 | D        | Found a shadowy altar of Dithmenos.
    59 | D        | Found a snail-covered altar of Cheibriados.
    62 | D        | Found a corrupted altar of Lugonu.
    62 | D        | Found a radiant altar of Vehumet.
    63 | D        | Found an ancient bone altar of Kikubaaqudgha.
    63 | D        | Found a hide-covered altar of Uskayaw.
    63 | D        | Found a broken altar of Ashenzari.
    68 | D        | Became a worshipper of Gozag Ym Sagoz the Greedy
    97 | D        | Noticed a scorpion
   109 | D        | Killed a scorpion
   110 | D        | Reached skill level 5 in Unarmed Combat
   110 | D        | Reached XP level 2. HP: 25/26 MP: 2/2
   110 | D        | Reached XP level 3. HP: 30/31 MP: 3/3
   110 | D        | Reached XP level 4. HP: 37/38 MP: 4/4
   236 | D        | Reached skill level 6 in Unarmed Combat
   238 | D        | Reached skill level 5 in Shapeshifting
   291 | D        | Noticed a bullfrog
   291 | D        | Noticed a necrophage
   291 | D        | Noticed a kobold brigand
   291 | D        | Noticed a phantom
   298 | D        | Killed a bullfrog
   299 | D        | Reached skill level 7 in Unarmed Combat
   299 | D        | Reached XP level 5. HP: 36/47 MP: 5/5
   304 | D        | Reached skill level 5 in Fighting
   304 | D        | Reached skill level 5 in Dodging
   304 | D        | Reached skill level 8 in Unarmed Combat
   324 | D        | Killed a phantom
   325 | D        | Reached XP level 6. HP: 51/57 MP: 6/6
   331 | D        | Reached skill level 9 in Unarmed Combat
   462 | D        | Reached skill level 10 in Unarmed Combat
   471 | D        | Your scales start taking on an icy white colour.
   471 | D        | Reached XP level 7. HP: 54/66 MP: 7/7
   471 | D        | Gained mutation: Your flesh is cold resistant. (rC+) [White
                  | Draconian growth]
   511 | D        | Noticed a two-headed ogre
   519 | D        | Killed a two-headed ogre
   520 | D        | Reached skill level 11 in Unarmed Combat
   520 | D        | Reached XP level 8. HP: 77/77 MP: 8/8
   522 | D        | Reached skill level 12 in Unarmed Combat
   572 | D        | Bought a scroll of identify for 26 gold pieces
   572 | D        | Bought a scroll of immolation for 52 gold pieces
   572 | D        | Bought a scroll of revelation for 97 gold pieces
   572 | D        | Bought a scroll of silence for 123 gold pieces
   572 | D        | Bought a scroll of blinking for 97 gold pieces
   572 | D        | Bought a scroll of fear for 52 gold pieces
   780 | D        | Noticed a red devil
   781 | D        | Noticed a tyrant leech
   787 | D        | Killed a red devil
   796 | D        | Slain by a tyrant leech

Illustrated notes

Levels and vault maps discovered:
D:        pitsprint [storerooms_1, entrance_room_1, metal_vault_6, armoury_3,
          mini_pit_1, grid_room_1, main_hall_1, silver_pit, the_coven_1,
          the_vestibule_1, steel_vault_3, golden_pit, hallway_of_sentries,
          crystal_vault_2, iron_vault_2, final_vault]

Skill      XL: |  1  2  3  4  5  6  7  8 |
---------------+-------------------------+-----
Dodging        | 3 4 5 6 7 8 |  8.1
Fighting       | 3 4 6 7 8 9 |  9.4
Unarmed Combat | 5 7 8 10 11 12 | 12.5
Shapeshifting  | 4 5 6 7 8 |  8.7

Action                     |  1- 3 |  4- 6 |  7- 9 || total
---------------------------+-------+-------+-------++-------
  Melee: Unarmed           |    23 |    64 |    33 ||   120
         Tailslap          |     1 |     4 |     2 ||     7
         Punch             |       |     3 |       ||     3
  Throw: Dart              |       |     4 |       ||     4
 Invoke: Call Merchant     |       |       |     1 ||     1
Ability: Breathe Frost     |       |       |     2 ||     2
    Use: Potion            |       |     1 |     2 ||     3
   Stab: Distracted        |       |       |     1 ||     1
 Armour: Skin              |    10 |    30 |     9 ||    49
  Dodge: Dodged            |    28 |    30 |    18 ||    76

Table legend: (Time is in decaauts)
 A = Elapsed time spent in this place.
 B = Non-inter-level travel time spent in this place.
 C = Inter-level travel time spent in this place.
 D = Time resting spent in this place.
 E = Time spent auto-exploring this place.
 F = Levels seen in this place.
 G = Mean time per level.
                   A        B        C        D        E       F      G
               +--------+--------+--------+--------+--------+-----+--------+
         Total |    785 |    724 |     61 |    364 |      0 |   1 |  785.0 |
       Dungeon |    785 |    724 |     61 |    364 |      0 |   1 |  785.0 |
               +--------+--------+--------+--------+--------+-----+--------+

Top non-repeatable levels by time:
       D: 785 daAuts
